 Dungeon Crawl Stone Soup version 0.30.1-1-g62c8e00024 (webtiles) character file.

Game seed: 11475021067548602054

123 Peloso the Covered (level 4, -9/40 HPs)
             Began as a Minotaur Fighter on July 15, 2023.
             Mangled by Terence
             ... wielding a +6 hand axe of flaming
              (11 damage)
             ... on level 3 of the Dungeon.
             The game lasted 00:03:01 (1623 turns).

Peloso the Covered (Minotaur Fighter)               Turns: 1623, Time: 00:03:01

Health: -9/40      AC: 12    Str: 20    XL:     4   Next: 79%
Magic:  3/3        EV:  8    Int:  5    God:
Gold:   93         SH:  5    Dex: 18    Spells: 3/3 levels left

rFire   . . .        a - +0 long sword
rCold   . . .        d - +0 buckler
rNeg    . . .        g - +0 chain mail
rPois   .            (helmet restricted)
rElec   .            (no cloak)
rCorr   .            (no gloves)
SInv    .            q - +2 pair of boots
Will    .....        (no amulet) Stlth
                     m - +6 ring of dexterity
HPRegen 0.26/turn    (no ring)
MPRegen 0.08/turn

%: no passive effects
@: no status effects
A: horns 2, retaliatory headbutt
a: no special abilities


You were on level 3 of the Dungeon.
You visited 1 branch of the dungeon, and saw 3 of its levels.

You collected 93 gold pieces.

Inventory:

Hand Weapons
 a - a +0 long sword (weapon)
Missiles
 n - 2 throwing nets (quivered)
Armour
 b - a +0 scale mail
 d - a +0 buckler (worn)
 g - a +0 chain mail (worn)
 q - a +2 pair of boots (worn)
Magical Staves
 c - a staff of fire
Jewellery
 j - a ring of fire
 m - a +6 ring of dexterity (left hand)
 r - a ring of ice
Wands
 p - a wand of polymorph (9)
Scrolls
 h - a scroll of identify {unknown}
 i - a scroll of acquirement {unknown}
 k - a scroll of immolation {unknown}
 o - a scroll of fog {unknown}
Potions
 e - a potion of might
 f - a potion of attraction {unknown}
 l - a potion of flight {unknown}
 s - a potion of heal wounds {unknown}


   Skills:
 + Level 4.2 Fighting
 + Level 3.8 Long Blades
 + Level 4.3 Armour
 + Level 2.0 Dodging
 + Level 0.1 Stealth
 + Level 4.2 Shields


You had 3 spell levels left.
You didn't know any spells.
Your spell library contained the following spells:

 Spells                   Type           Power      Damage    Failure   Level
 Dazzling Flash           Conj/Hex       0%         N/A       100%        3
 Volatile Blastmotes      Fire/Tloc      0%         2d10      100%        3
 Iskenderun's Mystic Bla  Conj/Tloc      0%         2d3       100%        4
 Starburst                Conj/Fire      0%         6d3       100%        6


Dungeon Overview and Level Annotations

Branches:
Dungeon (3/15)

Altars:

Shops:
D:1 ?

Annotations:
D:3 Terence


Innate Abilities, Weirdness & Mutations

You have a pair of horns on your head.
You reflexively headbutt those who attack you in melee.


Message History

You hit Terence but do no damage.
Terence is lightly wounded.
Terence hits you with a +6 hand axe of flaming!
Terence burns you.
You hit Terence but do no damage.
Terence is lightly wounded.
Terence screams, "I want your blood!"
Terence hits you with a +6 hand axe of flaming!
* * * LOW HITPOINT WARNING * * *
Terence burns you.
* * * LOW HITPOINT WARNING * * *
Terence hits you with a +6 hand axe of flaming.
* * * LOW HITPOINT WARNING * * *
Terence burns you.
* * * LOW HITPOINT WARNING * * *
You closely miss Terence. You headbutt Terence, but do no damage.
Terence is lightly wounded.
You block Terence's attack.
You barely miss Terence.
Terence is lightly wounded.
Terence says, "Rest in peace."
Terence hits you but does no damage.
You slash Terence!
Terence is heavily wounded.
You block Terence's attack.
You hit Terence. You headbutt Terence.
Terence is almost dead.
Terence hits you with a +6 hand axe of flaming.
* * * LOW HITPOINT WARNING * * *
Terence burns you.
* * * LOW HITPOINT WARNING * * *
Terence hits you with a +6 hand axe of flaming.
* * * LOW HITPOINT WARNING * * *
Terence burns you.
* * * LOW HITPOINT WARNING * * *
Unknown command.
You barely miss Terence. You headbutt Terence, but do no damage.
Terence is almost dead.
Terence hits you with a +6 hand axe of flaming!
You die...

### ..# #.# # #.# .# #.#
#.### #.# .....# #.#
###.[...# #.# #@@...$.#
.#.#####.#######.#.....#
..........#...##.# ....#
.#.........###.#.#######
#.#####..## ##....#
.........# #....#
..#####..## ##....#
####...###.#..##
#.........##..#


You could see Terence.

Vanquished Creatures
  Natasha (thrice) (D:2)
  2 worms (D:2)
  2 dart slugs
  2 ball pythons (D:2)
  5 endoplasms
  7 goblins
  3 hobgoblins
  4 jackals (D:2)
  A kobold (D:1)
  2 quokkas
  A bat (D:1)
  4 frilled lizards
  3 rats (D:1)
39 creatures vanquished.

Notes
Turn   | Place    | Note
-------+----------+-------------------------------------------
     0 | D:1      | Peloso the Minotaur Fighter began the quest for the Orb.
     0 | D:1      | Reached XP level 1. HP: 19/19 MP: 0/0
    43 | D:1      | Found Xiopovid's Magic Scroll Shoppe.
    68 | D:1      | Reached XP level 2. HP: 25/27 MP: 1/1
   670 | D:2      | Reached XP level 3. HP: 28/33 MP: 2/2
   737 | D:2      | Noticed Natasha
   757 | D:2      | HP: 1/33 [cerulean imp/+0 spear[Natasha] (1)]
   758 | D:2      | Killed Natasha
   989 | D:2      | Reached XP level 4. HP: 39/40 MP: 3/3
  1133 | D:2      | Noticed Natasha
  1145 | D:2      | Killed Natasha
  1146 | D:2      | Reached skill level 1 in Dodging
  1500 | D:2      | Noticed Natasha
  1507 | D:2      | Killed Natasha
  1613 | D:3      | Noticed Terence
  1622 | D:3      | HP: 2/40 [Terence/+6 hand axe of flaming (1)]
  1623 | D:3      | Mangled by Terence

Illustrated notes

Levels and vault maps discovered:
D:1:      nzn_arrival_crosshair, layout_basic, serial_shops, shop,
          columned_hall_lemuel
D:2:      layout_loops_cross, uniq_natasha
D:3:      layout_loops_ring, mainiacjoe_overflow_24_doors, slow_altar_1,
          serial_shops, nicolae_diamond_shop, uniq_grinder, uniq_terence

Skill      XL: |  1  2  3  4 |
---------------+-------------+-----
Fighting       | 4 |  4.2
Shields        | 4 |  4.2
Armour         | 4 |  4.3
Long Blades    | 3 |  3.8
Dodging        | 2 |  2.0
Stealth        | |  0.1

Action                     |  1- 3 |  4- 6 || total
---------------------------+-------+-------++-------
  Melee: Long sword        |    84 |    29 ||   113
         Headbutt          |    11 |     7 ||    18
    Use: Scroll            |     1 |       ||     1
 Armour: Scale mail        |    28 |       ||    28
         Chain mail        |    25 |    14 ||    39
  Dodge: Dodged            |    39 |     7 ||    46
  Block: Buckler           |    30 |     6 ||    36
